 Dungeon Crawl Stone Soup version 0.31.0-11-ge490571c62 (webtiles) character file.

Game seed: 15413067819552782267

94586 Esekla the Eclecticist (level 15, -3/68 HPs)
             Began as a Spriggan Wanderer on Jan 29, 2024.
             Was the Champion of Qazlal.
             Slain by a slime creature (13 damage)
             ... on level 14 of the Dungeon.
             The game lasted 05:07:15 (25991 turns).

Esekla the Eclecticist (Spriggan Wanderer)         Turns: 25991, Time: 05:07:16

Health: -3/68      AC: 10    Str:  7    XL:     15   Next: 63%
Magic:  46/46      EV: 24    Int: 26    God:    Qazlal [******]
Gold:   2454       SH:  8    Dex: 16    Spells: 10/48 levels left

rFire   . . .        c - +5 long sword "Vairutej" {speed, rPois}
rCold   . . .        (no shield)
rNeg    + . .        K - +3 troll leather armour
rPois   +            I - +1 hat "Ozoreowk" {Rampage +Blink SInv}
rElec   .            O - +2 cloak
rCorr   .            (gloves unavailable)
SInv    +            (boots unavailable)
Will    ++...        y - amulet of magic regeneration
Stlth   +            N - ring of Wufetes {Wiz rN+ MP+9}
HPRegen 1.11/turn    d - ring of Ykluekli {Int+5 Slay+4}
MPRegen 0.70/turn

%: repel missiles, rampage, wizardry (x1)
@: fugue, very quick
A: very small, no large weapons, unfitting armour, see invisible, speed 3
a: Renounce Religion, Evoke Blink, Upheaval, Elemental Force, Disaster Area


You were on level 14 of the Dungeon.
You worshipped Qazlal.
Qazlal was exalted by your worship.
You visited 4 branches of the dungeon, and saw 22 of its levels.
You also visited: Gauntlet and Ice Cave.

You collected 2559 gold pieces.
You spent 105 gold pieces at shops.

Inventory:

Hand Weapons
 c - the +5 long sword "Vairutej" (weapon) {speed, rPois}
   (You found it on level 9 of the Dungeon)

   rPois:     It protects you from poison
 f - a +4 scimitar of flaming
 g - a +2 dagger of protection
 r - the +8 trident "Neyrolud" {elec, Str+4}
   (You found it on level 9 of the Dungeon)

   Str+4:     It affects your strength (+4).
 s - a +2 dagger of electrocution
 u - a +3 long sword of freezing
 v - a +6 dagger of venom
Missiles
 n - 14 boomerangs
 p - 39 poisoned darts (quivered)
Armour
 I - the +1 hat "Ozoreowk" (worn) {Rampage +Blink SInv}
   (You found it in an ice cave)

   SInv:      It lets you see invisible.
   +Blink:    It lets you blink.
   Rampage:   It bestows one free step when moving towards enemies.
 K - a +3 troll leather armour (worn)
 O - a +2 cloak (worn)
 X - the +1 hat "Waonutia" {^Drain rPois Int+2}
   (You found it in a Gauntlet)

   Int+2:     It affects your intelligence (+2).
   rPois:     It protects you from poison ^Drain: It drains your maximum health
   when unequipped.
Jewellery
 a - an amulet of reflection
 d - the ring of Ykluekli (right hand) {Int+5 Slay+4}
   (You took it off a centaur warrior on level 8 of the Dungeon)

   [ring of slaying]

   Int+5:     It affects your intelligence (+5).
   Slay+4:    It affects your accuracy & damage with ranged weapons and melee
   (+4).
 y - an amulet of magic regeneration (around neck)
 M - the ring "Cesueg" {Fly rElec rPois rC- MP+9}
   (You took it off an orc wizard on level 8 of the Dungeon)

   [ring of flight]

   rC-:       It makes you vulnerable to cold.
   rElec:     It insulates you from electricity.
   rPois:     It protects you from poison MP+9: It affects your magic capacity
   (+9).
   Fly:       It grants you flight.
 N - the ring of Wufetes (left hand) {Wiz rN+ MP+9}
   (You took it off an orc wizard on level 8 of the Dungeon)

   [ring of wizardry]

   Wiz:       It improves your spell success rate.
   rN+:       It protects you from negative energy.
   MP+9:      It affects your magic capacity (+9).
 S - a ring of protection from fire
 W - a ring of fire
 Y - the amulet of Beogh, Lusting {Acrobat rPois}
   (You found it in an ice cave)

   [amulet of the acrobat]

   Acrobat:   It increases your evasion while moving and waiting.
   rPois:     It protects you from poison
Wands
 b - a wand of flame (2)
 x - a wand of paralysis (27)
 E - a wand of iceblast (34)
 H - a wand of digging (8)
 R - a wand of light (10)
 V - a wand of mindburst (7)
Scrolls
 h - 6 scrolls of blinking
 i - 2 scrolls of fear
 m - 3 scrolls of enchant weapon
 o - 4 scrolls of poison
 z - 2 scrolls of silence
 L - 8 scrolls of teleportation
 P - 3 scrolls of fog
 U - a scroll of acquirement
Potions
 j - 2 potions of cancellation
 k - a potion of invisibility {unknown}
 l - a potion of curing
 q - 2 potions of resistance
 t - 3 potions of ambrosia
 w - a potion of haste
 A - 3 potions of degeneration {unknown}
 B - 5 potions of magic
 C - 4 potions of lignification
 F - 3 potions of might {unknown}
 G - 2 potions of mutation {unknown}
 J - 3 potions of brilliance
 Q - a potion of enlightenment
 T - 2 potions of attraction {unknown}
Miscellaneous
 Z - a lightning rod (4/4)


   Skills:
 + Level 3.3 Fighting
 + Level 7.7 Short Blades
 + Level 0.8(3.7) Long Blades
 - Level 2.1 Maces & Flails
 + Level 3.2 Throwing
 - Level 5.0 Armour
 * Level 13.5 Dodging
 - Level 2.3 Stealth
 + Level 2.5 Shields
 * Level 17.4 Spellcasting
 + Level 5.8 Conjurations
 * Level 6.7 Necromancy
 + Level 5.6 Translocations
 + Level 2.6 Fire Magic
 * Level 11.6 Air Magic
 + Level 6.9 Alchemy
 * Level 7.3 Evocations


You had 10 spell levels left.
You knew the following spells:

 Your Spells              Type           Power      Damage    Failure   Level
b - Iskenderun's Mystic   Conj/Tloc      51%        2d11      1%          4
c - Mephitic Cloud        Conj/Alch/Air  60%        N/A       1%          3
f - Flame Wave            Conj/Fire      44%        2d11      2%          4
i - Irradiate             Conj/Alch      27%        3d20      2%          5
k - Airstrike             Air            35%        2d(5-21)  1%          4
n - Ignite Poison         Fire/Alch      47%        N/A       1%          4
o - Scorch                Fire           72%        2d8       1%          2
p - Apportation           Tloc           100%       N/A       1%          1
u - Dispel Undead         Necr           55%        3d20      1%          4
w - Fugue of the Fallen   Necr           55%        N/A       1%          3
y - Sticky Flame          Fire/Alch      47%        2d9       1%          4

Your spell library contained the following spells:

 Spells                   Type           Power      Damage    Failure   Level
 Foxfire                  Conj/Fire      100%       2x1d9     1%          1
 Kiss of Death            Conj/Necr      100%       2d13      1%          1
 Necrotise                Necr           100%       1d9       1%          1
 Shock                    Conj/Air       100%       1d9       1%          1
 Sting                    Conj/Alch      100%       1d9       1%          1
 Summon Small Mammal      Summ           88%        N/A       1%          1
 Call Imp                 Summ           44%        N/A       1%          2
 Cigotuvi's Dreadful Rot  Necr/Alch/Air  100%       N/A       1%          2
 Ensorcelled Hibernation  Hex/Ice        44%        N/A       1%          2
 Sublimation of Blood     Necr           55%        N/A       1%          2
 Hailstorm                Conj/Ice       37%        3d9       1%          3
 Stone Arrow              Conj/Erth      74%        3d11      1%          3
 Vhi's Electric Charge    Tloc/Air       100%       N/A       1%          4
 Arcjolt                  Conj/Air       30%        1d40      1%          5
 Confusing Touch          Hex            22%        N/A       3%          3
 Summon Ice Beast         Ice/Summ       22%        N/A       3%          3
 Tukima's Dance           Hex            22%        N/A       3%          3
 Anguish                  Hex/Necr       20%        N/A       3%          4
 Martyr's Knell           Necr/Summ      40%        N/A       3%          4
 Petrify                  Alch/Erth      40%        N/A       3%          4
 Dimensional Bullseye     Hex/Tloc       18%        N/A       4%          4
 Plasma Beam              Fire/Air       28%        2x1d40    11%         6
 Animate Armour           Summ/Erth      44%        N/A       12%         4
 Death Channel            Necr           27%        N/A       12%         6
 Starburst                Conj/Fire      22%        6d7       32%         6
 Sculpt Simulacrum        Ice/Alch       20%        N/A       41%         6
 Maxwell's Capacitive Co  Air            35%        ∞         52%         8
 Summon Cactus Giant      Summ           11%        N/A       86%         6
 Malign Gateway           Summ/Tloc      18%        N/A       95%         7
 Infestation              Necr           27%        N/A       99%         8
 Summon Hydra             Summ           11%        N/A       100%        7
 Ignition                 Fire           18%        3d7       100%        8
 Lehudib's Crystal Spear  Conj/Erth      18%        10d6      100%        8
 Summon Horrible Things   Summ           11%        N/A       100%        8


Dungeon Overview and Level Annotations

Branches:
Dungeon (14/15)            Temple (1/1) D:7            Lair (5/5) D:8
  Swamp (0/4) Lair:2        Snake (0/4) Lair:3        Slime (0/5) Lair:5
    Orc (2/2) D:12            Elf (0/3) Orc:2        Vaults (0/5) D:13
  IceCv (visited)         Gauntlet (visited)

Altars:
Ashenzari
Cheibriados
Dithmenos
Elyvilon
Fedhas
Gozag
Hepliaklqana
Kikubaaqudgha
Makhleb
Nemelex Xobeh
Okawaru
Qazlal
Ru
Sif Muna
Trog
Uskayaw
Vehumet
Wu Jian
Xom
Yredelemnul
Zin
The Shining One
Jiyva

Shops:
D:2 (   D:4 [   D:6 (   D:10 [[*(   Orc:2 [(*[

Annotations:
D:7 1 runed translucent door, Krumphau's ghost, novice DjHW
D:10 3 runed translucent doors, Strat's ghost, journeyman MfAE
Orc:1 Saint Roka


Innate Abilities, Weirdness & Mutations

You are very small and have problems with some larger weapons.
You are too small for most types of armour.
You have supernaturally acute eyesight. (SInv)
You cover ground extremely quickly. (Speed+++)


Message History

The large slime creature is engulfed in blazing flames.
You puncture the slime creature!
The slime creature is moderately wounded.
Your +6 dagger of venom stops dripping with poison.
Your hands tingle!
c - the +5 long sword "Vairutej" (weapon)
{speed, rPois} You block the slime creature's attack.
The slime creature barely misses you. The large slime creature hits you!
You slash the slime creature!
The slime creature is severely wounded.
The slime creature barely misses you.
The slime creature completely misses you.
A large slime creature splits.
You slash the slime creature!
The slime creature is almost dead.
You hear a shout!
The slime creature misses you.
The slime creature completely misses you.
You block the slime creature's attack.
You hit the slime creature.
The slime creature is lightly wounded.
The slime creature hits you!
You hit the slime creature.
You kill the slime creature!
Qazlal accepts your kill.
The wailing of tortured souls fills the air!
The slime creature hits you!
The slime creature completely misses you.
The slime creature hits you!
* * * LOW HITPOINT WARNING * * *
The slime creature attacks as it pursues you!
The slime creature closely misses you.
The slime creature attacks as it pursues you!
You block the slime creature's attack.
The slime creature is engulfed in freezing vapours.
The slime creature is engulfed in blazing flames.
The slime creature is engulfed in a thunderstorm.
The slime creature attacks as it pursues you!
The slime creature hits you!
You die...

#########....####
#............... ###
#............# ..#
#............# ..#
#............#
..###............#######
..+.[..................+
.)###............#######
.............##.@.☼....+
..###.######....J.§....#
...<...........J§J.....#
.#.##.#####.....○°.....#
.#.##.# #......§.....#
.#.##.# #....○......^#
.#.#... ##<..........#
.#.#... #...........#
.#.# ####.########


You could see 3 slime creatures.

Vanquished Creatures
  Gastronok (D:12)
  A quicksilver ooze (Gauntlet)
  An orc warlord (Orc:1)
  A minotaur (Gauntlet)
  A dire elephant (Lair:5)
  An ettin (Orc:2)
  Azrael (Orc:2)
  Josephine (Orc:2)
  An entropy weaver (shapeshifter) (D:13)
  An ice dragon (IceCv)
  5 hydras
  2 catoblepae
  4 ogre magi
  4 centaur warriors
  Erolcha (D:13)
  4 boulder beetles
  21 two-headed ogres
  A deep troll shaman (Lair:5)
  6 death yaks (Lair:5)
  Urug (D:11)
  A bog body (Lair:2)
  A harpy (shapeshifter) (D:8)
  Pikel (D:4)
  2 orc knights
  3 manticores (D:13)
  3 ugly things
  5 orc sorcerers
  A moth of wrath (Gauntlet)
  18 elephants
  A salamander (Lair:3)
  Maurice (D:9)
  3 black mambas
  A kobold blastminer (Orc:1)
  A torpor snail (Lair:4)
  2 ice statues (IceCv)
  An apocalypse crab (Gauntlet)
  An eye of devastation (Gauntlet)
  2 gargoyles
  7 cane toads
  An unseen horror (D:11)
  2 rime drakes (shapeshifter) (D:13)
  Psyche (D:9)
  An unseen horror (shapeshifter) (D:13)
  6 rime drakes
  7 komodo dragons
  10 trolls
  A polar bear (Lair:4)
  Prince Ribbit (D:5)
  2 hornets
  11 blink frogs
  6 dream sheep (Lair:1)
  8 slime creatures
  2 centaur simulacra (Gauntlet)
  Sigmund (D:3)
  A shadow (D:11)
  A vampire (D:10)
  4 wyverns
  6 wraiths
  16 humans (D:13)
  7 basilisks
  2 golden eyes (Gauntlet)
  6 fire elementals
  3 vampire mosquitoes (D:12)
  38 yaks
  3 steam dragons (D:8)
  2 redbacks (Gauntlet)
  2 wargs
  3 acid dragons
  3 nagas (Lair:3)
  11 water moccasins
  A hell hound (Orc:2)
  An ice beast (D:5)
  A meliai simulacrum (Gauntlet)
  21 orc warriors
  A sky beast (D:6)
  4 black bears
  21 wolves
  30 ogres
  A centaur (D:7)
  6 kobold brigands
  3 gnoll sergeants
  11 bullfrogs
  3 necrophages (D:6)
  2 wyvern zombies (D:6)
  6 scorpions
  10 wights
  4 lindwurm simulacra (IceCv)
  13 killer bees
  3 howler monkeys
  A bombardier beetle (D:5)
  4 komodo dragon simulacra (IceCv)
  A human zombie (D:6)
  6 jellies
  A wyvern simulacrum (Gauntlet)
  3 hounds
  17 orc priests
  7 iguanas
  24 orc wizards
  2 killer bee zombies (D:6)
  A boggart simulacrum (Gauntlet)
  2 mummies (D:6)
  6 acid dragon simulacra (IceCv)
  28 gnolls
  7 adders
  2 shadow imps
  12 white imps (Lair:4)
  4 ufetubi
  7 steam dragon simulacra (IceCv)
  6 dart slugs
  A ribbon worm (D:3)
  83 orcs
  10 ball pythons
  6 endoplasms
  2 giant cockroaches
  9 goblins
  9 hobgoblins
  4 quokkas
  8 bats
  A frilled lizard (D:1)
  33 kobolds
  7 rats
  A butterfly (Lair:3)
739 creatures vanquished.

Vanquished Creatures (others)
  A two-headed ogre (Orc:1)
1 creature vanquished.

Grand Total: 740 creatures vanquished

Notes
Turn   | Place    | Note
-------+----------+-------------------------------------------
     0 | D:1      | Esekla the Spriggan Wanderer began the quest for the Orb.
     0 | D:1      | Esekla set off with the following items: a +0 mace, a +0
                  | cloak, a scroll of fog, a +0 robe; and the following spell
                  | memorised: Shock; and the following spells available to
                  | memorise: Mephitic Cloud, Airstrike.
     0 | D:1      | Reached XP level 1. HP: 10/10 MP: 3/3
   255 | D:1      | Reached skill level 2 in Spellcasting
   255 | D:1      | Reached XP level 2. HP: 14/14 MP: 4/6
   563 | D:1      | Learned a level 1 spell: Apportation
   859 | D:1      | Reached XP level 3. HP: 18/18 MP: 7/7
   982 | D:1      | Learned a level 3 spell: Mephitic Cloud
  1238 | D:1      | Reached skill level 1 in Alchemy
  1326 | D:2      | Reached skill level 1 in Conjurations
  1341 | D:2      | Found Liawe's Weapon Shop.
  1904 | D:2      | Reached XP level 4. HP: 22/22 MP: 8/8
  2021 | D:2      | Reached skill level 1 in Short Blades
  2619 | D:3      | Found a faded altar of an unknown god.
  2642 | D:3      | Prayed at the altar of an unknown god.
  2642 | D:3      | Became a worshipper of Qazlal Stormbringer
  2642 | D:3      | Reached * piety under Qazlal
  2721 | D:3      | Reached XP level 5. HP: 25/25 MP: 10/10
  2735 | D:3      | Identified the +9 mace of Bank {drain, rElec rPois rF+
                  | Dex+3} (You found it on level 3 of the Dungeon)
  2788 | D:3      | Noticed Sigmund
  2990 | D:3      | Killed Sigmund
  2991 | D:3      | Reached skill level 3 in Spellcasting
  2991 | D:3      | Reached XP level 6. HP: 30/30 MP: 7/12
  3402 | D:2      | Learned a level 4 spell: Airstrike
  3634 | D:4      | Reached skill level 4 in Spellcasting
  3744 | D:4      | Found Ycihei's Armour Shop.
  3810 | D:4      | Found a white marble altar of Elyvilon.
  3868 | D:4      | Reached ** piety under Qazlal
  3935 | D:4      | Noticed Pikel
  4265 | D:4      | Found a snail-covered altar of Cheibriados.
  4382 | D:4      | Reached XP level 7. HP: 33/33 MP: 14/14
  4585 | D:4      | Killed Pikel
  4586 | D:4      | Reached skill level 5 in Dodging
  4586 | D:4      | Reached skill level 5 in Spellcasting
  4691 | D:5      | Entered Level 5 of the Dungeon
  4733 | D:5      | Noticed Prince Ribbit
  4751 | D:5      | Killed Prince Ribbit
  4752 | D:5      | Reached XP level 8. HP: 20/37 MP: 15/17
  5334 | D:5      | Reached skill level 1 in Throwing
  5629 | D:5      | Reached skill level 6 in Spellcasting
  6528 | D:6      | Reached XP level 9. HP: 42/42 MP: 18/20
  6595 | D:6      | Reached *** piety under Qazlal
  6906 | D:6      | Reached skill level 7 in Spellcasting
  7601 | D:6      | Found a basalt altar of Yredelemnul.
  8452 | D:6      | Reached skill level 8 in Spellcasting
  8454 | D:6      | Reached **** piety under Qazlal
  8458 | D:6      | Reached skill level 5 in Air Magic
  8795 | D:6      | Found an ornate altar of the Wu Jian Council.
  8859 | D:6      | Found Aggeyn's Antique Weapon Shop.
  9076 | D:7      | Found a staircase to the Ecumenical Temple.
  9082 | Temple   | Entered the Ecumenical Temple
  9119 | D:7      | Noticed a troll
  9129 | D:7      | Killed a troll
  9347 | D:7      | Found a runed translucent door.
  9348 | D:7      | Noticed Krumphau's ghost (novice DjHW)
  9545 | D:7      | Reached XP level 10. HP: 45/46 MP: 23/23
  9633 | D:7      | Reached skill level 9 in Spellcasting
 10112 | D:7      | Found an ancient bone altar of Kikubaaqudgha.
 10346 | D:8      | Reached ***** piety under Qazlal
 10387 | D:8      | Noticed a two-headed ogre
 10407 | D:8      | Noticed a gargoyle
 10416 | D:8      | Killed a gargoyle
 10417 | D:8      | Reached skill level 1 in Armour
 10483 | D:8      | Reached skill level 5 in Alchemy
 10513 | D:8      | Found an iron altar of Okawaru.
 10624 | D:8      | Found a staircase to the Lair.
 10694 | D:8      | Identified the ring of Ykluekli {Int+5 Slay+4}
 10694 | D:8      | Noticed a centaur warrior
 10776 | D:8      | a spriggan changed into a harpy
 10776 | D:8      | Noticed a harpy (shapeshifter)
 10785 | D:8      | Killed a centaur warrior
 10786 | D:8      | Reached skill level 10 in Spellcasting
 10791 | D:8      | Killed a harpy
 10792 | D:8      | Reached skill level 1 in Shields
 10932 | D:8      | Found a blossoming altar of Fedhas.
 10975 | D:8      | Noticed a boulder beetle
 10987 | D:8      | Noticed a purple ugly thing
 11068 | D:8      | Killed a boulder beetle
 11069 | D:8      | Reached XP level 11. HP: 43/50 MP: 25/26
 11069 | D:8      | Identified the ring of Wufetes {Wiz rN+ MP+9}
 11084 | D:8      | Killed a cyan ugly thing
 11098 | D:8      | Identified the ring of Namaaf {Fire rPois Will+ Int+4}
 11098 | D:8      | Noticed a death knight
 11298 | D:8      | Killed a two-headed ogre
 11498 | D:9      | Noticed Maurice
 11507 | D:9      | Found a sacrificial altar of Ru.
 11533 | D:9      | Noticed Psyche
 11686 | D:7      | Learned a level 4 spell: Dispel Undead
 11866 | D:8      | Reached skill level 5 in Short Blades
 11866 | D:8      | Reached skill level 11 in Spellcasting
 11866 | D:8      | Identified the ring "Cesueg" {Fly rElec rPois rC- MP+9}
 12025 | D:9      | Noticed a two-headed ogre
 12058 | D:9      | Killed a two-headed ogre
 12059 | D:9      | Reached skill level 1 in Necromancy
 12102 | D:9      | Killed Psyche
 12149 | D:9      | Paralysed by Maurice for 3 turns
 12182 | D:9      | Identified the +5 long sword "Vairutej" {speed, rPois}
 12199 | D:9      | Killed Maurice
 12320 | D:9      | Found a sparkling altar of Nemelex Xobeh.
 12351 | D:9      | Identified the maw talisman of Greed {*Slow Str+4}
 12374 | D:9      | Identified the +8 trident "Neyrolud" {elec, Str+4}
 12468 | D:9      | Found a stormy altar of Qazlal.
 12496 | D:10     | Entered Level 10 of the Dungeon
 12496 | D:10     | Noticed a two-headed ogre
 12612 | D:10     | Found Buluihek's Weapon Boutique.
 12612 | D:10     | Found Cadde's Armour Boutique.
 12641 | D:10     | Found Lycruen's Armour Boutique.
 12645 | D:10     | Found Zuovank's General Store.
 12716 | D:10     | Killed a two-headed ogre
 12736 | D:10     | Reached skill level 10 in Dodging
 12856 | D:10     | Found a runed translucent gate.
 12856 | D:10     | Found a runed translucent gate.
 12856 | D:10     | Found a runed translucent gate.
 12858 | D:10     | Noticed Strat's ghost (journeyman MfAE)
 13250 | D:11     | Noticed Urug
 13274 | D:11     | Killed Urug
 13618 | D:11     | Noticed a green ugly thing
 13744 | D:11     | Reached skill level 12 in Spellcasting
 13760 | D:11     | Reached XP level 12. HP: 56/56 MP: 26/29
 14561 | D:12     | Reached skill level 13 in Spellcasting
 14573 | D:12     | Reached ****** piety under Qazlal
 14631 | D:12     | Found a staircase to the Orcish Mines.
 14718 | D:13     | Noticed a centaur warrior
 14718 | D:13     | Noticed a two-headed ogre
 14718 | D:13     | Noticed Erolcha
 14718 | D:13     | Found a gate to the Vaults.
 14726 | D:12     | Learned a level 4 spell: Vhi's Electric Charge
 14729 | D:12     | Learned a level 2 spell: Scorch
 14765 | Orc:1    | Entered Level 1 of the Orcish Mines
 14765 | Orc:1    | Noticed Gastronok
 14829 | D:12     | Killed Gastronok
 14830 | D:12     | Reached skill level 1 in Translocations
 14915 | D:10     | Bought a scroll of enchant armour for 105 gold pieces
 14964 | Lair:1   | Entered Level 1 of the Lair of Beasts
 15369 | Lair:1   | Reached skill level 1 in Fire Magic
 15665 | Lair:1   | Reached XP level 13. HP: 59/59 MP: 31/31
 16597 | Lair:2   | Reached skill level 14 in Spellcasting
 16597 | Lair:2   | Reached skill level 5 in Conjurations
 16662 | Lair:2   | Found a staircase to the Swamp.
 17261 | Lair:3   | Learned a level 3 spell: Fugue of the Fallen
 17438 | Lair:3   | Reached skill level 5 in Translocations
 17456 | Lair:3   | Reached skill level 10 in Air Magic
 18219 | Lair:3   | Found a staircase to the Snake Pit.
 18754 | Lair:4   | Found a frozen archway.
 18855 | Lair:4   | Learned a level 4 spell: Flame Wave
 18856 | IceCv    | Entered an ice cave
 19029 | IceCv    | Identified the +1 hat "Ozoreowk" {Rampage +Blink SInv}
 19410 | IceCv    | Reached skill level 5 in Armour
 19410 | IceCv    | Reached skill level 1 in Evocations
 19656 | IceCv    | Identified the amulet of Beogh, Lusting {Acrobat rPois}
 20444 | Lair:4   | Found a runed translucent door.
 20686 | Lair:4   | Reached skill level 15 in Spellcasting
 20761 | Lair:5   | Entered Level 5 of the Lair of Beasts
 20981 | Lair:5   | Reached XP level 14. HP: 65/65 MP: 34/34
 21415 | Lair:4   | Learned a level 5 spell: Irradiate
 21420 | Lair:4   | Learned a level 4 spell: Iskenderun's Mystic Blast
 21543 | Lair:5   | Reached skill level 5 in Necromancy
 21734 | Lair:5   | Found a hazy altar of Hepliaklqana.
 21770 | Lair:5   | Found a staircase to the Slime Pits.
 21771 | Lair:5   | Found a viscous altar of Jiyva.
 22272 | Lair:5   | Learned a level 4 spell: Ignite Poison
 22277 | Lair:5   | Learned a level 4 spell: Sticky Flame
 22763 | Orc:2    | Entered Level 2 of the Orcish Mines
 22763 | Orc:2    | Noticed Josephine
 22763 | Orc:2    | Noticed Saint Roka
 22763 | Orc:2    | Found a staircase to the Elven Halls.
 22936 | Orc:2    | Found a gate leading to a gauntlet.
 22949 | Gauntlet | Entered a Gauntlet
 22949 | Gauntlet | Found a transporter.
 22954 | Gauntlet | Found a transporter.
 22957 | Gauntlet | Found a transporter.
 22962 | Gauntlet | Found a transporter.
 22968 | Gauntlet | Found a transporter.
 22972 | Gauntlet | Found a transporter.
 22977 | Gauntlet | Found a transporter.
 22983 | Gauntlet | Found a runed translucent door.
 22986 | Gauntlet | Found a transporter.
 22988 | Gauntlet | Found a transporter.
 22993 | Gauntlet | Found a transporter.
 23000 | Gauntlet | Found a transporter.
 23004 | Gauntlet | Found a transporter.
 23007 | Gauntlet | Noticed a quicksilver ooze
 23009 | Gauntlet | Found a transporter.
 23015 | Gauntlet | Found a transporter.
 23147 | Gauntlet | Reached skill level 16 in Spellcasting
 23159 | Gauntlet | Identified the +2 helmet of Fun and Games {rF+ Dex+2}
 23211 | Gauntlet | Killed a quicksilver ooze
 23221 | Gauntlet | Identified the +1 hat "Waonutia" {^Drain rPois Int+2}
 23262 | Gauntlet | Identified the +9 glaive of Qeddeg {drain, *Slow rPois rC+
                  | Int+2}
 23345 | Orc:2    | Noticed an orc warlord
 23393 | Orc:1    | Killed an orc warlord
 23430 | Orc:2    | Noticed Azrael
 23484 | Orc:1    | Reached skill level 5 in Evocations
 24331 | Orc:2    | Reached XP level 15. HP: 60/68 MP: 36/36
 24365 | Orc:2    | Killed Azrael
 24452 | Orc:2    | Killed Josephine
 24804 | Orc:2    | Found Uvveowk's Armour Shop.
 24804 | Orc:2    | Found Ominn's General Store.
 24804 | Orc:2    | Found Mixtab's Antique Weapon Shoppe.
 24804 | Orc:2    | Found Poclest's Antique Armour Boutique.
 24932 | Orc:2    | Reached skill level 17 in Spellcasting
 25354 | D:13     | Killed Erolcha
 25739 | D:13     | Got Lubutuaph's Folio of Shadows
 25968 | D:14     | Identified a scroll of acquirement
 25991 | D:14     | Slain by a slime creature

Illustrated notes

Levels and vault maps discovered:
D:1:      minmay_arrival_shattered_statue, layout_basic
D:2:      layout_loops_ring, serial_shops, shop_statue, minivault_14
D:3:      layout_basic, hellmonk_ecumenical_altar_zigzags,
          guppyfry_early_orc_mine, uniq_sigmund
D:4:      layout_loops_ring, kennysheep_mini, elyvilon_altar_3, serial_shops,
          nicolae_take_the_stairs, uniq_pikel
D:5:      layout_loops_ring, serial_bayou_pond_e, uniq_prince_ribbit1
D:6:      layout_basic, lemuel_mausoleum_altar_yredelemnul,
          pdpol_wu_jian_five_deadly_venoms, serial_shops, shop,
          nicolae_fountain_basement
D:7:      layout_loops_ring, kennysheep_little_box, minmay_temple_entry_ruins,
          gammafunk_ghost_grave
D:8:      minmay_the_grid_triangle_9x9_rhombus_thin
          [minmay_the_grid_triangle_9x9_alien,
          minmay_the_grid_triangle_9x9_prize_special,
          minmay_the_grid_triangle_9x9_limited_checkers,
          minmay_the_grid_triangle_9x9_odd_lines], layout_cave_pools,
          pf_just_have_faith, okawaru_gym_becter, lair_entry_dummy,
          minmay_misc_feat_cross, st_stairs_12
D:9:      layout_cave_pools, mainiacjoe_overflow_alcove_2, lemuel_tele_altar,
          mainiacjoe_overflow_alcove_4, uniq_psyche, uniq_maurice
D:10:     layout_small_grid, gammafunk_ghost_nasty_kobolds,
          minmay_misc_feat_hallway, grunt_ministairs_1, minmay_shop_grid_forest
D:11:     layout_roguey, kennysheep_flooded_box, uniq_urug
D:12:     layout_roguey, kennysheep_orc_monster_closet_entryway,
          corexii_hall_statues_x, minivault_25
D:13:     layout_roguey, david_vaults_3, uniq_erolcha
D:14:     layout_basic, fedhas_altar_2
Temple:   minmay_temple_forest_path
Lair:1:   layout_layer_cave, serial_bayou_pond_b, lemuel_fruit_tree,
          grunt_megastairs_4, lemuel_fruit_fields
Lair:2:   layout_roguey, skrybe_swamp_entry_bodies
Lair:3:   layout_hall_layers, alex1729_snake_entry_snake, hellmonk_talismancer,
          infiniplex_staircase_pool_2, lemuel_fruit_fields
Lair:4:   layout_regular_city, portal_ice_cave_entry_imps, pf_torpor_hydra
Lair:5:   grunt_lair_end_beastmaster, layout_regular_city,
          nicolae_slime_entry_slimehenge, basic_altar, minivault_23,
          grunt_megastairs_1, lemuel_fruit_fields
Orc:1:    layout_caves, uniq_gastronok
Orc:2:    st_orc_ogre_mass, layout_caves, gauntlet_entry_generic,
          uniq_josephine, uniq_saint_roka, uniq_azrael

Skill      XL: |  1  2  3  4  5  6  7  8  9 10 11 12 13 14 15 |
---------------+----------------------------------------------+-----
Spellcasting   | 2 3 4 5 6 8 10 12 13 15 16 17 | 17.4
Dodging        | 3 4 5 7 8 9 10 11 12 13 | 13.5
Alchemy        | 1 2 3 4 5 6 |  6.9
Conjurations   | 1 3 4 5 |  5.8
Air Magic      | 2 3 5 7 8 9 10 11 | 11.6
Stealth        | 2 |  2.3
Short Blades   | 1 2 3 4 5 6 7 |  7.7
Throwing       | 1 2 3 |  3.2
Fighting       | 2 3 |  3.3
Armour         | 2 3 4 5 |  5.0
Shields        | 1 2 |  2.5
Necromancy     | 2 3 4 6 |  6.7
Translocations | 4 5 |  5.6
Fire Magic     | 1 2 |  2.6
Evocations     | 1 5 7 |  7.3
Long Blades    | |  0.8
Maces & Flails | |  2.1

Action                     |  1- 3 |  4- 6 |  7- 9 | 10-12 | 13-15 || total
---------------------------+-------+-------+-------+-------+-------++-------
  Melee: Dagger            |    77 |   103 |   232 |   435 |   621 ||  1468
         Whip              |     7 |       |       |       |       ||     7
         Mace              |     7 |       |       |       |       ||     7
         Punch             |       |     2 |     5 |     7 |    14 ||    28
         Long sword        |       |       |       |     3 |    66 ||    69
  Throw: Dart              |     4 |     2 |    16 |    45 |    52 ||   119
         Boomerang         |       |       |     3 |     1 |    21 ||    25
   Cast: Shock             |    18 |    24 |    28 |       |       ||    70
         Mephitic Cloud    |     1 |    11 |    50 |    98 |   149 ||   309
         Apportation       |       |     2 |       |       |     4 ||     6
         Airstrike         |       |       |    23 |    61 |    51 ||   135
         Dispel Undead     |       |       |       |     7 |     7 ||    14
         Scorch            |       |       |       |    10 |    71 ||    81
         Flame Wave        |       |       |       |       |    13 ||    13
         Fugue of the Fall |       |       |       |       |    26 ||    26
         Vhi's Electric Ch |       |       |       |       |     1 ||     1
         Irradiate         |       |       |       |       |    11 ||    11
         Sticky Flame      |       |       |       |       |     7 ||     7
Ability: Evoke Blink       |       |       |       |       |     7 ||     7
  Evoke: Wand              |       |       |     1 |     1 |     5 ||     7
    Use: Scroll            |       |       |     8 |     8 |    20 ||    36
         Potion            |       |       |       |     3 |    10 ||    13
   Stab: Sleeping          |     9 |     1 |       |       |       ||    10
         Confused          |       |     5 |    29 |    58 |    83 ||   175
         Paralysed         |       |       |     2 |       |       ||     2
 Armour: Robe              |    33 |    25 |    46 |       |       ||   104
         Troll leather arm |       |       |     7 |    95 |   202 ||   304
  Dodge: Dodged            |    72 |    74 |   181 |   249 |   480 ||  1056
         Repelled          |       |       |       |     4 |    11 ||    15
  Block: Other             |       |     3 |    26 |    88 |   175 ||   292
